[ AOE2 MATCH · #507153011 ]
UnrankedBulgarians vs Georgians
Player's team · LOSS
[ REPLAY ANALYSIS · EXTRACTED FROM THE RECORDED GAME ]
Feudal
10:24
Castle
—
Imperial
—
| APM avg | 70.4 |
| APM peak | 114 |
| eAPM avg | 43.3 |
| Villagers / military | 48 / 20 |
Focus
⚔️ 68.7% · 🌾 31.3%
Skirmisher ×11 · Militia ×6 · Spearman ×3
Feudal
9:18
Castle
23:40
Imperial
—
| APM avg | 79.1 |
| APM peak | 114 |
| eAPM avg | 43.3 |
| Villagers / military | 49 / 25 |
Focus
⚔️ 47.6% · 🌾 52.4%
Archer ×12 · Scout Cavalry ×7 · Cavalry Archer ×5 · Spearman ×1
Match map
Initial resources + every placement click. Lines = walls · curves = elevation contours. ◆ gold · ⬟ stone · ● berries · ✦ relic · ◌ wall gap
Your base· ✓ Closed at 21:57 · 28t walls · 2 gate(s)
ReginLeif's base· ✓ Closed at 23:40 · 42t walls · 1 gate(s)
Smoothed initial terrain · ◌ = detected wall gap · hover for details
Inputs per minute
— KIV.YourAddHere - - ReginLeif
Build order — KIV.YourAddHere
144 actions detected in the replay
| 0:00 | Create | Villager (Male) |
| 0:01 | Create | Villager (Male) |
| 0:01 | Create | Villager (Male) |
| 0:02 | Build | House |
| 0:03 | Build | House |
| 0:18 | Create | Villager (Male) |
| 0:18 | Create | Villager (Male) |
| 1:35 | Create | Villager (Male) |
| 2:00 | Create | Villager (Male) |
| 2:00 | Create | Villager (Male) |
| 2:24 | Create | Villager (Male) |
| 2:40 | Create | Villager (Male) |
| 3:08 | Create | Villager (Male) |
| 3:08 | Create | Villager (Male) |
| 3:09 | Create | Villager (Male) |
| 3:42 | Build | House |
| 3:57 | Build | Barracks |
| 4:00 | Build | Palisade Wall |
| 4:05 | Create | Villager (Male) |
| 4:05 | Create | Villager (Male) |
| 4:05 | Create | Villager (Male) |
| 5:00 | Create | Villager (Male) |
| 5:06 | Create | Militia ×4 |
| 5:21 | Create | Villager (Male) |
| 5:52 | Create | Villager (Male) |
| 5:58 | Research | Loom |
| 6:05 | Build | House |
| 6:15 | Create | Villager (Male) |
| 6:37 | Create | Villager (Male) |
| 6:39 | Create | Militia |
| 7:09 | Build | Mill |
| 7:14 | Create | Villager (Male) |
| 7:41 | Create | Villager (Male) |
| 7:54 | Build | House |
| 8:14 | Research | Feudal Age |
| 8:40 | Build | Lumber Camp |
| 9:01 | Build | Mining Camp |
| 10:07 | Create | Villager (Male) |
| 10:11 | Create | Militia |
| 10:14 | Build | Farm |
| 10:16 | Build | Farm |
| 10:23 | Build | Palisade Gate |
| 10:24 | Age | Feudal Age |
| 10:31 | Create | Villager (Male) |
| 10:33 | Build | Farm |
| 10:39 | Build | Archery Range |
| 10:51 | Create | Spearman |
| 11:01 | Build | Farm |
| 11:09 | Build | House |
| 11:24 | Create | Villager (Male) |
| 11:27 | Create | Skirmisher |
| 11:38 | Create | Villager (Male) |
| 11:39 | Create | Skirmisher ×2 |
| 11:43 | Build | House |
| 11:52 | Create | Villager (Male) |
| 11:57 | Create | Skirmisher |
| 12:03 | Research | Double-Bit Axe |
| 12:11 | Create | Villager (Male) |
| 12:20 | Create | Skirmisher |
| 12:33 | Create | Villager (Male) |
| 12:41 | Build | Lumber Camp |
| 13:06 | Create | Villager (Male) |
| 13:11 | Create | Skirmisher |
| 13:16 | Create | Villager (Male) |
| 13:20 | Research | Horse Collar |
| 13:24 | Build | Palisade Wall |
| 13:25 | Build | House |
| 13:34 | Create | Skirmisher |
| 13:34 | Create | Villager (Male) |
| 13:37 | Build | House |
| 13:53 | Create | Villager (Male) |
| 14:27 | Create | Villager (Male) |
| 14:29 | Create | Skirmisher |
| 14:47 | Build | House |
| 14:49 | Create | Villager (Male) |
| 14:51 | Build | Farm |
| 15:09 | Create | Villager (Male) |
| 15:13 | Build | Farm |
| 15:19 | Build | Farm |
| 15:19 | Build | Farm |
| 15:20 | Build | Farm |
| 15:21 | Build | Farm |
| 15:21 | Build | Farm |
| 15:25 | Build | Farm |
| 15:26 | Build | Farm |
| 15:44 | Create | Villager (Male) |
| 15:48 | Create | Skirmisher |
| 15:59 | Create | Spearman |
| 16:12 | Create | Villager (Male) |
| 16:22 | Create | Skirmisher |
| 16:34 | Create | Villager (Male) |
| 16:37 | Build | Farm |
| 16:37 | Build | Farm |
| 16:37 | Build | Farm |
| 16:37 | Build | Farm |
| 17:15 | Build | Farm |
| 17:20 | Create | Villager (Male) |
| 17:22 | Research | Wheelbarrow |
| 17:27 | Build | House |
| 17:28 | Build | Palisade Wall |
| 17:31 | Build | Palisade Wall |
| 17:50 | Create | Villager (Male) |
| 17:57 | Build | House |
| 17:57 | Build | Palisade Wall |
| 18:03 | Create | Villager (Male) |
| 18:07 | Build | House |
| 18:11 | Build | Blacksmith |
| 18:25 | Build | Palisade Gate |
| 18:28 | Create | Skirmisher |
| 18:30 | Create | Spearman |
| 18:47 | Build | Palisade Wall |
| 19:38 | Build | Mining Camp |
| 19:47 | Build | Palisade Wall |
| 19:58 | Build | Farm |
| 20:32 | Build | Market |
| 20:33 | Build | House |
| 20:35 | Create | Villager (Male) |
| 20:37 | Create | Villager (Male) |
| 20:52 | Build | Watch Tower |
| 20:59 | Build | Watch Tower |
| 21:18 | Build | House |
| 21:19 | Build | House |
| 21:24 | Build | House |
| 21:45 | Build | House |
| 21:46 | Build | House |
| 21:47 | Build | House |
| 21:47 | Build | House |
| 21:57 | Research | Castle Age |
| 22:05 | Build | Market |
| 22:12 | Build | Stable |
| 22:35 | Build | Stone Wall |
| 22:41 | Build | Stone Wall |
| 22:42 | Build | Stone Wall |
| 22:43 | Build | Stone Wall |
| 22:48 | Create | Villager (Male) |
| 22:55 | Research | Scale Barding Armor |
| 22:55 | Research | Forging |
| 23:08 | Build | Stone Wall |
| 23:10 | Build | Stone Wall |
| 23:21 | Create | Villager (Male) |
| 23:27 | Build | Farm |
| 23:30 | Research | Bloodlines |
| 23:32 | Build | Stable |
| 23:34 | Create | Villager (Male) |
Build order — ReginLeif
First 150 of 155 actions detected
| 0:00 | Create | Villager (Male) |
| 0:00 | Create | Villager (Male) |
| 0:01 | Build | House |
| 0:02 | Build | House |
| 0:04 | Create | Villager (Male) |
| 0:07 | Create | Villager (Male) |
| 1:24 | Create | Villager (Male) |
| 1:38 | Create | Villager (Male) |
| 2:06 | Create | Villager (Male) |
| 2:27 | Create | Villager (Male) |
| 3:11 | Create | Villager (Male) |
| 3:11 | Create | Villager (Male) |
| 3:37 | Create | Villager (Male) |
| 3:44 | Build | House |
| 4:09 | Create | Villager (Male) |
| 4:09 | Create | Villager (Male) |
| 4:09 | Create | Villager (Male) |
| 4:28 | Build | House |
| 5:18 | Create | Villager (Male) |
| 5:20 | Create | Villager (Male) |
| 5:28 | Create | Villager (Male) |
| 5:40 | Build | Mill |
| 6:40 | Research | Loom |
| 6:54 | Build | Palisade Wall |
| 6:57 | Build | Palisade Wall |
| 6:58 | Build | Palisade Wall |
| 6:59 | Build | Palisade Wall |
| 7:08 | Research | Feudal Age |
| 7:08 | Research | Feudal Age |
| 7:12 | Build | Palisade Wall |
| 7:40 | Build | Barracks |
| 7:41 | Build | House |
| 7:55 | Build | Mule Cart |
| 8:18 | Create | Villager (Male) |
| 8:18 | Create | Villager (Male) |
| 9:18 | Age | Feudal Age |
| 9:20 | Build | Archery Range |
| 9:22 | Create | Spearman |
| 9:24 | Create | Villager (Male) |
| 9:26 | Research | Double-Bit Axe |
| 9:37 | Create | Villager (Male) |
| 9:56 | Create | Villager (Male) |
| 10:04 | Create | Archer |
| 10:05 | Build | Mule Cart |
| 10:33 | Create | Villager (Male) |
| 10:59 | Research | Horse Collar |
| 10:59 | Research | Horse Collar |
| 11:06 | Create | Archer |
| 11:12 | Create | Villager (Male) |
| 11:12 | Create | Villager (Male) |
| 11:36 | Create | Archer |
| 11:36 | Create | Villager (Male) |
| 11:49 | Create | Villager (Male) |
| 11:50 | Build | House |
| 11:51 | Build | House |
| 11:57 | Build | House |
| 11:59 | Build | Palisade Wall |
| 12:00 | Build | Palisade Wall |
| 12:07 | Build | Blacksmith |
| 12:08 | Build | House |
| 12:10 | Build | Palisade Wall |
| 12:17 | Build | Farm |
| 12:17 | Create | Villager (Male) |
| 12:35 | Create | Villager (Male) |
| 12:36 | Build | Farm |
| 12:37 | Create | Villager (Male) |
| 12:50 | Build | Farm |
| 13:09 | Create | Villager (Male) |
| 13:11 | Build | Farm |
| 13:11 | Build | Farm |
| 13:34 | Build | Stable |
| 13:40 | Create | Villager (Male) |
| 13:43 | Create | Archer |
| 14:00 | Create | Villager (Male) |
| 14:01 | Build | Farm |
| 14:15 | Create | Scout Cavalry |
| 14:17 | Build | House |
| 14:18 | Build | Palisade Wall |
| 14:26 | Create | Scout Cavalry |
| 14:44 | Build | Farm |
| 14:44 | Create | Villager (Male) |
| 14:51 | Create | Villager (Male) |
| 15:03 | Create | Archer |
| 15:05 | Build | Farm |
| 15:07 | Build | Farm |
| 15:08 | Build | Farm |
| 15:19 | Create | Scout Cavalry |
| 15:23 | Build | Farm |
| 15:25 | Build | Farm |
| 15:26 | Build | Farm |
| 15:52 | Build | Farm |
| 15:53 | Create | Villager (Male) |
| 16:12 | Create | Archer |
| 16:13 | Create | Scout Cavalry |
| 16:18 | Build | Farm |
| 16:38 | Build | Mule Cart |
| 16:41 | Create | Villager (Male) |
| 16:41 | Create | Villager (Male) |
| 16:52 | Research | Fletching |
| 17:12 | Create | Archer |
| 17:13 | Create | Villager (Male) |
| 17:14 | Create | Villager (Male) |
| 17:23 | Create | Archer |
| 17:23 | Create | Villager (Male) |
| 17:25 | Build | Farm |
| 17:26 | Build | Farm |
| 17:27 | Build | Farm |
| 17:28 | Build | Farm |
| 17:45 | Create | Scout Cavalry |
| 17:49 | Build | Farm |
| 17:50 | Build | Farm |
| 17:55 | Create | Villager (Male) |
| 17:57 | Build | Farm |
| 18:00 | Build | House |
| 18:01 | Build | Palisade Wall |
| 18:07 | Build | Palisade Wall |
| 18:15 | Create | Scout Cavalry |
| 18:26 | Create | Villager (Male) |
| 18:32 | Create | Archer |
| 18:32 | Create | Villager (Male) |
| 18:39 | Build | House |
| 18:39 | Build | House |
| 18:43 | Create | Archer |
| 18:44 | Create | Archer |
| 18:45 | Create | Villager (Male) |
| 18:47 | Create | Villager (Male) |
| 18:52 | Research | Wheelbarrow |
| 18:59 | Create | Archer |
| 19:02 | Create | Villager (Male) |
| 20:01 | Build | Market |
| 20:14 | Create | Scout Cavalry |
| 20:16 | Create | Villager (Male) |
| 20:39 | Build | Palisade Gate |
| 20:41 | Build | Palisade Wall |
| 20:42 | Build | Palisade Wall |
| 20:44 | Build | Palisade Wall |
| 20:46 | Build | Palisade Wall |
| 21:00 | Research | Castle Age |
| 21:00 | Research | Castle Age |
| 21:30 | Build | Archery Range |
| 21:49 | Research | Gold Mining |
| 21:49 | Research | Gold Mining |
| 22:26 | Create | Villager (Male) |
| 22:46 | Build | Archery Range |
| 23:17 | Research | Padded Archer Armor |
| 23:18 | Research | Bloodlines |
| 23:40 | Age | Castle Age |
| 23:41 | Create | Cavalry Archer |
| 23:41 | Create | Cavalry Archer |
| 23:42 | Create | Cavalry Archer |
Match timeline
| 3:57 | KIV.YourAddHere · first_building Barracks |
| 4:00 | KIV.YourAddHere · wall_segment Palisade Wall x1 |
| 6:54 | ReginLeif · wall_segment Palisade Wall x1 |
| 6:57 | ReginLeif · wall_segment Palisade Wall x1 |
| 6:58 | ReginLeif · wall_segment Palisade Wall x1 |
| 6:59 | ReginLeif · wall_segment Palisade Wall x1 |
| 7:12 | ReginLeif · wall_segment Palisade Wall x1 |
| 7:40 | ReginLeif · first_building Barracks |
| 9:18 | ReginLeif · age_up feudal |
| 9:20 | ReginLeif · first_building Archery Range |
| 10:24 | KIV.YourAddHere · age_up feudal |
| 10:39 | KIV.YourAddHere · first_building Archery Range |
| 11:59 | ReginLeif · wall_segment Palisade Wall x10 |
| 12:00 | ReginLeif · wall_segment Palisade Wall x6 |
| 12:10 | ReginLeif · wall_segment Palisade Wall x4 |
| 13:24 | KIV.YourAddHere · wall_segment Palisade Wall x4 |
| 13:34 | ReginLeif · first_building Stable |
| 14:18 | ReginLeif · wall_segment Palisade Wall x1 |
| 17:28 | KIV.YourAddHere · wall_segment Palisade Wall x1 |
| 17:31 | KIV.YourAddHere · wall_segment Palisade Wall x9 |
| 17:57 | KIV.YourAddHere · wall_segment Palisade Wall x11 |
| 18:01 | ReginLeif · wall_segment Palisade Wall x1 |
| 18:07 | ReginLeif · wall_segment Palisade Wall x1 |
| 18:47 | KIV.YourAddHere · wall_segment Palisade Wall x11 |
| 19:47 | KIV.YourAddHere · wall_segment Palisade Wall x8 |
| 20:41 | ReginLeif · wall_segment Palisade Wall x7 |
| 20:42 | ReginLeif · wall_segment Palisade Wall x1 |
| 20:44 | ReginLeif · wall_segment Palisade Wall x6 |
| 20:46 | ReginLeif · wall_segment Palisade Wall x1 |
| 20:51 | ReginLeif · first_market_sell 100 wood |
| 20:52 | ReginLeif · first_market_buy 100 food |
| 21:38 | KIV.YourAddHere · first_market_sell 100 food |
| 22:12 | KIV.YourAddHere · first_building Stable |
| 22:35 | KIV.YourAddHere · wall_segment Stone Wall x6 |
| 22:41 | KIV.YourAddHere · wall_segment Stone Wall x1 |
| 22:42 | KIV.YourAddHere · wall_segment Stone Wall x1 |
| 22:43 | KIV.YourAddHere · wall_segment Stone Wall x1 |
| 23:08 | KIV.YourAddHere · wall_segment Stone Wall x1 |
| 23:10 | KIV.YourAddHere · wall_segment Stone Wall x1 |
| 23:40 | ReginLeif · age_up castle |
| 23:51 | KIV.YourAddHere · resign |
[ AI ANALYSIS · 1 CREDIT ]
What really happened in this match?
Wolo.gg analyzes every decision: build order, eco, micro, common mistakes by bracket. Personalized analysis on WhatsApp or Discord in 30 seconds.
Civ guide
Bulgarians
Perfil
KIV.YourAddHere